 Dungeon Crawl Stone Soup version 0.20.1-1-g8b1a95d (webtiles) character file.

35 Greyaxe the Skirmisher (level 3, 0/29 HPs)
             Began as a Demonspawn Abyssal Knight on Aug 10, 2017.
             Was a Follower of Lugonu.
             Slain by a kobold
             ... wielding a +0 short sword
              (4 damage)
             ... on level 2 of the Dungeon.
             The game lasted 00:09:05 (1277 turns).

Greyaxe the Skirmisher (Demonspawn Abyssal Knight)  Turns: 1277, Time: 00:09:06

Health: 0/29       AC:  0    Str: 13    XL:     3   Next: 17%
Magic:  4/4        EV: 12    Int: 13    God:    Lugonu [*.....]
Gold:   69         SH:  0    Dex: 12    Spells: 2/2 levels left

rFire    . . .     SeeInvis .   a - +1 hand axe
rCold    . . .     Gourm    .   (no shield)
rNeg     . . .     Faith    .   (no armour)
rPois    .         Spirit   .   (no helmet)
rElec    .         Reflect  .   (no cloak)
rCorr    .         Harm     .   (no gloves)
MR       .....                  (no boots)
Stlth    +.........             (no amulet)
Regen    0.1/turn               (no ring)
MPRegen  0.1/turn               (no ring)

@: no status effects
A: claws 1, powered by death 1
a: Depart the Abyss, Renounce Religion


You were on level 2 of the Dungeon.
You worshipped Lugonu.
Lugonu was aware of your devotion.
You were very hungry.

You visited 1 branch of the dungeon, and saw 2 of its levels.
You visited the Abyss 1 time.

You collected 69 gold pieces.

Inventory:

Hand Weapons
 a - a +1 hand axe (weapon)
Armour
 b - a +0 leather armour
 l - a cursed +0 chain mail
Jewellery
 e - a cursed ring of loudness {unknown}
Scrolls
 f - a scroll of immolation {unknown}
 g - 4 scrolls of identify {unknown}
 i - a scroll of amnesia {unknown}
 k - a scroll of enchant armour {unknown}
Potions
 d - a potion of ambrosia {unknown}
Comestibles
 c - a bread ration
 h - a royal jelly
 j - a fruit


   Skills:
 + Level 3.5 Fighting
 + Level 2.4 Axes
 + Level 2.0 Armour
 + Level 1.1 Dodging
 + Level 2.6 Invocations


You had 2 spell levels left.
You didn't know any spells.

Dungeon Overview and Level Annotations

Branches:
Dungeon (2/15)

Altars:


Innate Abilities, Weirdness & Mutations

You have sharp fingernails.
You regenerate a little health from kills.


Message History

You continue taking off your +0 leather armour.
The kobold hits you but does no damage.
You finish taking off your +0 leather armour.
You barely miss the kobold. The kobold hits you with a short sword.
You closely miss the kobold. The kobold hits you with a short sword.
You closely miss the kobold. The kobold hits you with a short sword.
You barely miss the kobold. The kobold hits you with a short sword.
The kobold closely misses you.
Wear which item? (? for menu, Esc to quit)
The kobold hits you with a short sword.
Keep equipping yourself?
* * * LOW HITPOINT WARNING * * *
You start putting on your armour.
You continue putting on your chain mail.
The giant cockroach barely misses you. The kobold closely misses you.
You continue putting on your chain mail.
The giant cockroach bites you.
* * * LOW HITPOINT WARNING * * *
The kobold hits you with a short sword.
You die...

####.... #...
.........##... .
##...........##.
........#.#....
........<....##
.........#....### ...#
.......#........####....
.......@...............
#.#!##Ks..............
.............#....###
....#..##...#........##
....##..###...†.....#..#
........##......<### #..
.....#..........)#####..
...##...........)†......
#....##..#####......


You could see a giant cockroach and a kobold.

Vanquished Creatures
  An adder (D:2)
  A leopard gecko (D:1)
  A ball python (D:1)
  A giant cockroach (D:1)
  2 hobgoblins
  A jackal (D:1)
  4 kobolds
  5 bats
  A frilled lizard (D:1)
  3 goblins
  8 rats
28 creatures vanquished.

Notes
Turn   | Place    | Note
-------+----------+-------------------------------------------
     0 | Abyss:1  | Greyaxe the Demonspawn Abyssal Knight began the quest for the Orb.
     0 | Abyss:1  | Reached XP level 1. HP: 18/18 MP: 2/2
     2 | D:1      | Escaped the Abyss
    38 | D:1      | Reached * piety under Lugonu
   260 | D:1      | Gained mutation: You regenerate a little health from kills. [demonic ancestry]
   260 | D:1      | Reached XP level 2. HP: 24/24 MP: 3/3
  1073 | D:2      | Reached skill level 1 in Dodging
  1079 | D:2      | Gained mutation: You have sharp fingernails. [demonic ancestry]
  1079 | D:2      | Reached XP level 3. HP: 16/29 MP: 4/4
  1277 | D:2      | Slain by a kobold

Skill      XL: |  1  2 |
---------------+-------+-----
Axes           | 2 |  2.4
Dodging        | 1 |  1.1
Armour         | 2 |  2.0
Fighting       | |  3.5
Invocations    | |  2.6

Action                   || total
-------------------------++-------
Melee: Hand axe          ||    69
Invok: Depart the Abyss  ||     1
Armor: Leather armour    ||    21
Dodge: Dodged            ||    45
